 Dungeon Crawl Stone Soup version 0.31-a0-978-g1e143483b6 (webtiles) character file.

Game seed: 15217736383569490544

45 pokeman the Magician (level 3, 0/20 HPs)
             Began as a Deep Elf Hedge Wizard on Oct 30, 2023.
             Was an Initiate of Vehumet.
             Slain by Sigmund
             ... wielding a +5 scythe of pain
              (1 damage)
             ... on level 2 of the Dungeon.
             The game lasted 00:01:57 (1637 turns).

pokeman the Magician (Deep Elf Hedge Wizard)        Turns: 1637, Time: 00:01:58

Health: 0/20       AC:  2    Str:  7    XL:     3   Next: 42%
Magic:  18/20      EV: 17    Int: 20    God:    Vehumet [......]
Gold:   71         SH:  0    Dex: 14    Spells: 4/12 levels left

rFire   . . .        a - +0 dagger
rCold   . . .        (no shield)
rNeg    . . .        b - +0 robe
rPois   .            c - +0 hat
rElec   .            (no cloak)
rCorr   .            (no gloves)
SInv    .            (no boots)
Will    .....        (no amulet)
Stlth   ++           i - ring of magical power
HPRegen 0.23/turn    j - +5 ring of evasion
MPRegen 0.17/turn

%: no passive effects
@: no status effects
A: no striking features
a: Renounce Religion


You were on level 2 of the Dungeon.
You worshipped Vehumet.
Vehumet was noncommittal.
You visited 1 branch of the dungeon, and saw 2 of its levels.

You collected 71 gold pieces.

Inventory:

Hand Weapons
 a - a +0 dagger (weapon)
Armour
 b - a +0 robe (worn)
 c - a +0 hat (worn)
Magical Staves
 g - a staff of fire
Jewellery
 h - a ring of resist corrosion
 i - a ring of magical power (left hand)
 j - a +5 ring of evasion (right hand)
Scrolls
 l - a scroll of teleportation {unknown}
Potions
 d - a potion of magic
 e - a potion of brilliance {unknown}
 f - a potion of haste {unknown}
 k - 2 potions of might {unknown}


   Skills:
 - Level 1.0 Fighting
 - Level 1.0 Armour
 + Level 2.4 Dodging
 + Level 2.4 Stealth
 * Level 5.2 Spellcasting
 + Level 1.8 Conjurations
 - Level 1.1 Summonings
 - Level 1.1 Translocations


You had 4 spell levels left.
You knew the following spells:

 Your Spells              Type           Power      Damage    Failure   Level
a - Magic Dart            Conj           48%        1d5       5%          1
b - Mephitic Cloud        Conj/Pois/Air  7%         N/A       26%         3
c - Call Imp              Summ           18%        N/A       11%         2
d - Blink                 Tloc           18%        N/A       11%         2

Your spell library contained the following spells:

 Spells                   Type           Power      Damage    Failure   Level
 Slow                     Hex            20%        N/A       12%         1
 Cigotuvi's Dreadful Rot  Necr/Pois/Air  10%        N/A       17%         2


Dungeon Overview and Level Annotations

Branches:
Dungeon (2/15)

Altars:
Vehumet

Shops:
D:1 *

Annotations:
D:2 Sigmund


Message History

A kobold comes into view. It is wielding a +0 short sword.
Casting: Magic Dart (safe; 5% risk of failure)
Confirm with . or Enter, or press ? or * to list all spells.
Aiming: Magic Dart (safe; 5% risk of failure)
Press: ? - help, Shift-Dir - straight line, f - kobold
Aim: a kobold, wielding a +0 short sword and quivering stones (asleep, 100% to hit)
The magic dart hits the kobold.
You kill the kobold!
Vehumet accepts your kill.
Your Fighting skill increases to level 1!
A worm comes into view.
Casting: Magic Dart (safe; 5% risk of failure)
Confirm with . or Enter, or press ? or * to list all spells.
Aiming: Mephitic Cloud (extremely dangerous; 26% risk of failure)
Press: ? - help, Shift-Dir - straight line, f - worm
Aim: a worm (chance to affect: 81%)
The ball explodes into a vile cloud!
The stinking cloud engulfs the worm but does no damage.
You hear a shout!
The worm is engulfed in noxious fumes.
The worm appears confused.
Unknown command.
The worm is engulfed in noxious fumes.
The worm appears confused.
The worm closely misses you.
Sigmund the Dreaded comes into view.
He is wielding a +5 scythe of pain.
You hit the worm.
The worm is lightly wounded.
Sigmund misses you.
You hit the worm but do no damage. You hit the worm but do no damage.
Sigmund misses you.
You barely miss the worm.
The worm closely misses Sigmund.
Sigmund casts a spell.
Sigmund flickers and vanishes!
Deactivating autopickup; reactivate with Ctrl-A.
You hit the worm.
The worm is lightly wounded.
The worm bites you. Something hits you!
Ouch! That really hurt!
* * * LOW HITPOINT WARNING * * *
You writhe in agony.
You die...

.# #. #.# #.# #.# #.#
#.# #.#### ..#####
#..... #.....##
#%....
#.#####).....###.#.#.
#.{w@...# #..........
#######.# #.####.#...
#.# #.#(...#.#.
######.###.#...##.##
#...................
#########..#########
#..### #....#
##.#.#######


You could see a worm (confused).

Vanquished Creatures
  An adder (D:2)
  A worm (D:2)
  4 ball pythons
  3 endoplasms
  2 giant cockroaches (D:1)
  3 goblins
  A hobgoblin (D:1)
  5 jackals
  5 kobolds
  A quokka (D:2)
  A frilled lizard (D:1)
  A rat (D:2)
28 creatures vanquished.

Notes
Turn   | Place    | Note
-------+----------+-------------------------------------------
     0 | D:1      | pokeman the Deep Elf Hedge Wizard began the quest for the
                  | Orb.
     0 | D:1      | Reached XP level 1. HP: 10/10 MP: 7/7
   287 | D:1      | Reached XP level 2. HP: 15/15 MP: 4/9
   597 | D:1      | Found Oriyraw's General Store.
  1144 | D:2      | Reached skill level 5 in Spellcasting
  1210 | D:2      | Reached XP level 3. HP: 20/20 MP: 11/11
  1215 | D:2      | Learned a level 3 spell: Mephitic Cloud
  1218 | D:2      | Learned a level 2 spell: Call Imp
  1221 | D:2      | Learned a level 2 spell: Blink
  1235 | D:2      | Found a radiant altar of Vehumet.
  1242 | D:2      | Became a worshipper of Vehumet
  1415 | D:2      | Reached skill level 1 in Armour
  1620 | D:2      | Reached skill level 1 in Fighting
  1631 | D:2      | Noticed Sigmund
  1637 | D:2      | HP: 1/20 [something (15)]
  1637 | D:2      | Slain by Sigmund

Illustrated notes

Levels and vault maps discovered:
D:1:      wander_arrival_peaceful_grave, layout_loops_cross, serial_shops, shop,
          minivault_26
D:2:      layout_basic, basic_altar, uniq_sigmund

Skill      XL: |  1  2  3 |
---------------+----------+-----
Spellcasting   | 5 |  5.2
Armour         | 1 |  1.0
Fighting       | 1 |  1.0
Dodging        | |  2.4
Stealth        | |  2.4
Conjurations   | |  1.8
Summonings     | |  1.1
Translocations | |  1.1

Action                     || total
---------------------------++-------
  Melee: Dagger            ||     5
   Cast: Magic Dart        ||    71
         Mephitic Cloud    ||     1
 Armour: Robe              ||     5
  Dodge: Dodged            ||    10

Table legend: (Time is in decaauts)
 A = Elapsed time spent in this place.
 B = Non-inter-level travel time spent in this place.
 C = Inter-level travel time spent in this place.
 D = Time resting spent in this place.
 E = Time spent auto-exploring this place.
 F = Levels seen in this place.
 G = Mean time per level.
                   A        B        C        D        E       F      G
               +--------+--------+--------+--------+--------+-----+--------+
         Total |   1634 |   1582 |     52 |      0 |   1419 |   2 |  817.0 |
       Dungeon |   1634 |   1582 |     52 |      0 |   1419 |   2 |  817.0 |
               +--------+--------+--------+--------+--------+-----+--------+

Top non-repeatable levels by time:
     D:1: 1040 daAuts
     D:2: 594 daAuts
